 Dungeon Crawl Stone Soup version 0.26.1-2-gb8aa6d0cf2 (webtiles) character file.

Game seed: 6376807524647884895

1373772 DearestLeader the Archmage (level 27, -22/199 HPs)
             Began as a Gargoyle Earth Elementalist on Feb 18, 2021.
             Was the Champion of Vehumet.
             Killed from afar by a Hell Sentinel (48 damage)
             ... with an iron shot
             ... on level 5 of the Realm of Zot on Feb 24, 2021.
             The game lasted 06:45:12 (113480 turns).

DearestLeader the Archmage (GrEE)                 Turns: 113480, Time: 06:45:13

Health: -22/199    AC: 41    Str: 16      XL:     27
Magic:  19/54      EV: 23    Int: 35      God:    Vehumet [******]
Gold:   11152      SH: 17    Dex: 11 (13) Spells: 1/80 levels left

rFire    + . .     SeeInvis +   o - staff of cold
rCold    + + +     Faith    .   O - +2 kite shield {rN+}
rNeg     + + +     Spirit   .   n - +4 skin of Zhor {Englaciate rC+++ SInv}
rPois    ∞         Reflect  .   U - +2 helmet {Int+3}
rElec    +         Harm     .   G - +2 cloak {rCorr}
rCorr    +         Rampage  .   p - +2 pair of gloves {Dex+3}
Will     ++++.                  J - +2 pair of boots {Stlth+}
Stlth    +.........             r - amulet "Asydyoth" {rC+ rN+ Regen+ Int+4 SInv}
HPRegen  0.83/turn              y - ring of protection from fire
MPRegen  0.34/turn              D - ring of the Mage {Wiz Will++ Int+3}

@: about to teleport, flying, glowing
A: big wings, mutation resistance 1, negative energy resistance 1, electricity
resistance, unbreathing, petrification resistance, no potion heal 1, miasma
immunity, AC +20
0: Orb of Zot
}: 15/15 runes: decaying, serpentine, slimy, silver, golden, iron, obsidian,
icy, bone, abyssal, demonic, glowing, magical, fiery, dark
a: Stop Flying, Renounce Religion


You were on level 5 of the Realm of Zot.
You worshipped Vehumet.
Vehumet was exalted by your worship.
You visited 18 branches of the dungeon, and saw 90 of its levels.
You visited Pandemonium 1 time, and saw 19 of its levels.
You visited the Abyss 1 time.
You visited 1 bazaar.
You also visited: Ice Cave.

You collected 17022 gold pieces.
You spent 5870 gold pieces at shops.

Inventory:

Hand Weapons
 W - the +4 staff of Dispater
   (You took it off Dispater on level 7 of the Iron City of Dis)
 X - the +8 demon trident "Rift" {distort, reach+}
   (You found it on level 6 of the Lair of Beasts)

   It warps and distorts space around it.
   Unwielding it can cause banishment or high damage.
Missiles
 b - 1783 stones (quivered)
Armour
 n - the +4 skin of Zhor (worn) {Englaciate rC+++ SInv}
   (You bought it in a shop on level 2 of the Snake Pit)

   It renders you almost immune to cold.
   It lets you see invisible.
 p - a +2 pair of gloves of dexterity (worn)
 G - a +2 cloak of preservation (worn)
 J - a +2 pair of boots of stealth (worn)
 O - a +2 kite shield of positive energy (worn)
 U - a +2 helmet of intelligence (worn)
Magical Staves
 o - an uncursed staff of cold (weapon)
Jewellery
 f - an uncursed ring of willpower
 h - the amulet "Yxyluuf" {RegenMP Dex+2 Slay+3 Stlth+}
   (You found it on level 3 of the Tomb of the Ancients)

   [amulet of magic regeneration]

   It increases your magic regeneration.
   It affects your dexterity (+2).
   It affects your accuracy and damage with ranged weapons and melee attacks
   (+3).
   It makes you more stealthy.
 r - the amulet "Asydyoth" (around neck) {rC+ rN+ Regen+ Int+4 SInv}
   (You found it on level 3 of the Tomb of the Ancients)

   [amulet of regeneration]

   It affects your intelligence (+4).
   It protects you from cold.
   It protects you from negative energy.
   It lets you see invisible.
   It increases your rate of regeneration.
 y - a ring of protection from fire (left hand)
 D - the ring of the Mage (right hand) {Wiz Will++ Int+3}
   (You bought it in a shop on level 2 of the Orcish Mines)

   [ring of wizardry]

   It improves your spell success rate.
   It affects your intelligence (+3).
   It affects your willpower, your defense against some magical effects.
 S - the ring of Heixit {Wiz rN+ Str+4}
   (You found it on level 3 of the Tomb of the Ancients)

   [ring of wizardry]

   It improves your spell success rate.
   It affects your strength (+4).
   It protects you from negative energy.
 Y - an uncursed ring of protection from cold
 Z - the ring of Jetaq {Str+6 Int+5 SInv Stlth+}
   (You found it on level 3 of the Tomb of the Ancients)

   [ring of strength]

   It affects your strength (+6).
   It affects your intelligence (+5).
   It lets you see invisible.
   It makes you more stealthy.
Wands
 k - a wand of polymorph (18)
 m - a wand of iceblast (68)
 q - a wand of digging (17)
 u - a wand of acid (20)
 v - a wand of enslavement (24)
 E - a wand of disintegration (54)
 L - a wand of random effects (202)
 P - a wand of paralysis (42)
Scrolls
 d - 3 scrolls of enchant weapon
 g - 11 scrolls of fog
 j - 2 scrolls of blinking
 w - a scroll of holy word
 x - 5 scrolls of vulnerability
 B - 3 scrolls of magic mapping
 C - 31 scrolls of remove curse
 F - 16 scrolls of amnesia
 K - 13 scrolls of teleportation
 M - 14 scrolls of identify
 Q - 9 scrolls of fear
 R - 6 scrolls of summoning
 V - a scroll of brand weapon
Potions
 a - 20 potions of curing
 c - 8 potions of might
 i - 3 potions of heal wounds
 l - 13 potions of brilliance
 s - 8 potions of ambrosia
 t - 4 potions of haste
 z - 6 potions of resistance
 A - 2 potions of mutation
 I - 6 potions of cancellation
 T - 4 potions of invisibility
Miscellaneous
 e - a figurine of a ziggurat


   Skills:
 O Level 27 Fighting
 - Level 4.3(8.2) Polearms
 - Level 11.6(12.0) Staves
 - Level 10.0 Armour
 + Level 20.1 Dodging
 - Level 2.1 Stealth
 + Level 20.0 Shields
 O Level 27 Spellcasting
 - Level 14.3 Conjurations
 - Level 12.1 Hexes
 * Level 17.3 Translocations
 - Level 4.6 Transmutations
 O Level 27 Ice Magic
 O Level 27 Earth Magic
 - Level 7.0 Evocations


You had one spell level left.
You knew the following spells:

 Your Spells              Type           Power        Failure   Level
a - Sandblast             Erth           100%         0%          1
b - Passwall              Tmut/Erth      85%          0%          2
c - Stone Arrow           Conj/Erth      100%         0%          3
d - Lee's Rapid Deconstr  Erth           62%          0%          5
e - Petrify               Tmut/Erth      100%         0%          4
f - Disjunction           Tloc           53%          1%          8
g - Iron Shot             Conj/Erth      56%          0%          6
h - Ozocubu's Refrigerat  Ice            75%          0%          6
i - Lehudib's Crystal Sp  Conj/Erth      56%          1%          8
j - Absolute Zero         Ice            75%          1%          9
k - Shatter               Erth           62%          1%          9
l - Invisibility          Hex            93%          1%          6
m - Simulacrum            Ice/Necr       59%          1%          6
n - Dispersal             Tloc           53%          1%          6

Your spell library contained the following spells:

 Spells                   Type           Power        Failure   Level
 Tornado                  Air            23%          100%        9
 Apportation              Tloc           100%         0%          1
 Corona                   Hex            100%         0%          1
 Foxfire                  Conj/Fire      100%         0%          1
 Freeze                   Ice            100%         0%          1
 Magic Dart               Conj           100%         0%          1
 Shock                    Conj/Air       100%         0%          1
 Animate Skeleton         Necr           94%          1%          1
 Beastly Appendage        Tmut           100%         1%          1
 Pain                     Necr           100%         1%          1
 Sting                    Tmut/Pois      100%         1%          1
 Summon Small Mammal      Summ           100%         1%          1
 Blink                    Tloc           N/A          0%          2
 Searing Ray              Conj           100%         0%          2
 Slow                     Hex            93%          0%          2
 Dazzling Flash           Conj/Hex       100%         0%          3
 Frozen Ramparts          Ice            100%         0%          3
 Gell's Gravitas          Tloc           53%          0%          3
 Lesser Beckoning         Tloc           53%          0%          3
 Ozocubu's Armour         Ice            100%         0%          3
 Portal Projectile        Hex/Tloc       100%         0%          3
 Teleport Other           Tloc           100%         0%          3
 Fulminant Prism          Conj/Hex       48%          0%          4
 Hailstorm                Conj/Ice       100%         0%          4
 Ice Form                 Ice/Tmut       100%         0%          4
 Iskenderun's Mystic Bla  Conj/Tloc      100%         0%          4
 Leda's Liquefaction      Hex/Erth       55%          0%          4
 Passage of Golubria      Tloc           N/A          0%          4
 Summon Ice Beast         Ice/Summ       100%         0%          4
 Metabolic Englaciation   Hex/Ice        67%          0%          5
 Call Imp                 Summ           47%          1%          2
 Corpse Rot               Necr/Air       N/A          1%          2
 Poisonous Vapours        Pois/Air       94%          1%          2
 Swiftness                Air            47%          1%          2
 Wereblood                Tmut           68%          1%          2
 Call Canine Familiar     Summ           47%          1%          3
 Conjure Flame            Conj/Fire      77%          1%          3
 Ignite Poison            Fire/Tmut/Pois 55%          1%          3
 Inner Flame              Hex/Fire       74%          1%          3
 Mephitic Cloud           Conj/Pois/Air  69%          1%          3
 Spider Form              Tmut/Pois      29%          1%          3
 Static Discharge         Conj/Air       77%          1%          3
 Summon Guardian Golem    Hex/Summ       74%          1%          3
 Vampiric Draining        Necr           23%          1%          3
 Animate Dead             Necr           23%          1%          4
 Cause Fear               Hex            46%          1%          4
 Dispel Undead            Necr           47%          1%          4
 Olgreb's Toxic Radiance  Pois           47%          1%          4
 Summon Lightning Spire   Summ/Air       47%          1%          4
 Alistair's Intoxication  Tmut/Pois      39%          1%          5
 Blade Hands              Tmut           34%          1%          5
 Bolt of Magma            Conj/Fire/Erth 48%          1%          5
 Borgnjor's Vile Clutch   Necr/Erth      48%          1%          5
 Fireball                 Conj/Fire      38%          1%          5
 Irradiate                Conj/Tmut      42%          1%          5
 Iskenderun's Battlesphe  Conj           99%          1%          5
 Lightning Bolt           Conj/Air       38%          1%          5
 Silence                  Hex/Air        37%          1%          5
 Summon Forest            Summ/Tloc      41%          1%          5
 Yara's Violent Unravell  Hex/Tmut       41%          1%          5
 Conjure Ball Lightning   Conj/Air       38%          1%          6
 Freezing Cloud           Conj/Ice/Air   60%          1%          6
 Starburst                Conj/Fire      38%          1%          6
 Eringya's Noxious Bog    Tmut/Pois      29%          3%          6
 Agony                    Necr           47%          4%          5
 Excruciating Wounds      Necr           23%          4%          5
 Hydra Form               Tmut           34%          4%          6
 Discord                  Hex            46%          9%          8
 Chain Lightning          Conj/Air       38%          16%         8
 Dragon Form              Tmut           34%          21%         7
 Death Channel            Necr           23%          26%         6
 Shadow Creatures         Summ           N/A          26%         6
 Haunt                    Necr/Summ      23%          78%         7
 Fire Storm               Conj/Fire      38%          86%         9
 Ignition                 Fire           23%          89%         8
 Necromutation            Tmut/Necr      29%          98%         8
 Borgnjor's Revivificati  Necr           23%          100%        8
 Infestation              Necr           23%          100%        8
 Death's Door             Necr           23%          100%        9
 Sublimation of Blood     Necr           Unusable     N/A         2
 Statue Form              Tmut/Erth      Unusable     N/A         6

Dungeon Overview and Level Annotations

Branches:
Dungeon (15/15)            Temple (1/1) D:6            Lair (6/6) D:11
  Swamp (4/4) Lair:3        Snake (4/4) Lair:3        Slime (5/5) Lair:5
    Orc (2/2) D:12            Elf (3/3) Orc:2        Vaults (5/5) D:14
  Crypt (3/3) Vaults:2       Tomb (3/3) Crypt:3      Depths (5/5) D:15
   Hell (visited)             Dis (7/7) Hell            Geh (7/7) Hell
    Coc (7/7) Hell            Tar (7/7) Hell            Zot (5/5) Depths:5
  IceCv (visited)

Altars:
Dithmenos
Elyvilon
Hepliaklqana
Kikubaaqudgha
Nemelex Xobeh
Okawaru
Qazlal
Ru
Sif Muna
Trog
Vehumet
Wu Jian
Xom
Yredelemnul
Zin
The Shining One
Jiyva

Shops:
D:5 *   D:12 :::((   Orc:2 [=*[(   Snake:1 [   Snake:2 =[=   Snake:4 }=}
Vaults:1 [

Portals:
Hell: Depths:1 Depths:2 Depths:3 Depths:4 Depths:5
Abyss: Depths:3 Depths:4
Pandemonium: Depths:3
Ziggurat: Depths:3
Trove: Elf:2 (give 2 scrolls of acquirement)


Innate Abilities, Weirdness & Mutations

You are resistant to torment.
Your stone body is resilient. (AC +20)
You are immune to poison.
Your large and strong wings let you fly indefinitely.
You resist negative energy. (rN+)
You are resistant to electric shocks. (rElec)
You can survive without breathing.
You are immune to petrification.
You are immune to miasma.
You are somewhat resistant to further mutation.
Potions are less effective at restoring your health.


Message History

The angel hits you with a +3 whip of holy wrath.
* * * LOW HITPOINT WARNING * * *
The seraph gestures.
The cherub's eagle head screeches!
The daeva dissolves into sparkling lights!
The angel dissolves into sparkling lights!
The seraph gestures.
The seraph begins to accept its allies' injuries.
You block the angel's attack. The angel completely misses you.
You block the Hell Sentinel's attack.
The Hell Sentinel hits you but does no damage.
The cherub sings a powerful hymn!
The angels go into a battle-frenzy!
The cherub sings a powerful hymn!
The angels go into a battle-frenzy!
The seraph shouts a warning to its allies!
The daeva is engulfed in blazing flames.
The Hell Sentinel gestures at you. The iron shot hits you!!!
You die...

▓..^.................A...
▓▓..............^..A.....
▓▓..^...............A...
▓▓.....(...............
▓▓......................
▓▓..^..............^.....
▓.......8.......A........
▓........................
▓▓...^.A@...............#
▓▓..^......^.(.......▓##
▓▓.^...1A.../....▓▓▓▓##
▓▓8..AA#A▓▓▓▓▓▓▓▓▓▓▓§#
##....AR☼☼)......^.).§§
##......A..°○....)))A§§.
##...........[°...))##.§.
#....^....)..........#§§.
#..^......[..........#▓§.


You could see a seraph (strong, catching breath), a Hell Sentinel (sheltered), 2
daevas, an angel (strong, sheltered), 3 cherubim and an efreet (sheltered).

Vanquished Creatures
  Cerebov (Pan)
  the Royal Jelly (Slime:5)
  Antaeus (Coc:7)
  Asmodeus (Geh:7)
  Ereshkigal (Tar:7)
  Gloorx Vloq (Pan)
  2 seraphim the Serpent of Hell (Tar:7)
  Lom Lobon (Pan)
  8 ancient liches
  Dispater (Dis:7)
  Mnoleg (Pan)
  Khufu (Tomb:1)
  3 orbs of fire
  Mara (Tomb:1)
  Mennas (Pan)
  2 juggernauts (Depths:4)
  Sojobo (Depths:4)
  37 royal mummies
  Frederick (Tomb:1)
  2 curse toes
  8 Killer Klowns (Zot:5)
  5 shard shrikes
  Saint Roka (Crypt:2)
  A caustic shrike (Depths:4)
  Geryon (Hell)
  6 golden dragons
  Nikola (Vaults:3)
  A pearl dragon (Pan)
  16 bone dragons
  8 doom hounds
  29 Tzitzimimeh
  15 Brimstone Fiends
  2 pandemonium lords (Pan)
  6 electric golems
  9 liches
  5 iron giants (Dis:7)
  Rupert (Lair:3)
  16 tentacled monstrosities
  25 Orb Guardians (Zot:5)
  14 Ice Fiends
  6 Hell Sentinels (Dis:7)
  3 deep elf blademasters
  Asterion (Vaults:3)
  4 titans
  12 quicksilver dragons
  2 deep elf master archers (Elf:3)
  20 acid blobs
  25 Executioners (Pan)
  11 death cobs
  13 sphinxes
  20 storm dragons
  A thorn hunter (Swamp:4)
  A shadow dragon (shapeshifter) (Vaults:5)
  11 tengu reavers
  12 ancient champions
  Donald (Swamp:2)
  26 shadow dragons
  4 draconian monks
  5 revenants
  The ghost of generaletaddeo the Unseen, an adept SpWn of Ashenzari (Swamp:3)
  10 azure jellies
  17 fire giants
  13 nagarajas
  10 vault wardens
  9 deep elf sorcerers
  9 frost giants
  An orc warlord (Orc:2)
  12 daevas
  8 draconian knights
  8 draconian scorchers
  6 draconian shifters
  6 draconian stormcallers
  3 ghost moths
  9 iron dragons
  2 ghouls (Crypt:2)
  19 cacodemons
  3 curse skulls
  25 balrugs
  2 warmongers (Pan)
  A juggernaut zombie (Depths:4)
  10 ironheart preservers
  17 angels
  7 elemental wellsprings
  13 draconian annihilators
  9 deep elf elementalists
  22 war gargoyles
  53 reapers
  6 blood saints (Pan)
  29 very ugly things
  12 bennus
  21 stone giants
  A starcursed mass (Abyss:1)
  Nessos (Orc:2)
  12 ophanim (Pan)
  2 corrupters (Pan)
  18 black draconians
  18 apis (Pan)
  14 green draconians
  10 purple draconians
  21 red draconians
  An entropy weaver (Vaults:4)
  7 deep elf demonologists
  17 vampire knights
  7 spark wasps
  4 black suns (Pan)
  A dire elephant (Abyss:3)
  11 deep elf annihilators (Elf:3)
  24 blizzard demons
  9 white draconians
  10 lorocyprocas
  14 yellow draconians
  7 bunyips
  3 crystal guardians (Crypt:3)
  21 mummy priests
  13 ettins
  6 eidola (Crypt:2)
  8 jiangshi
  A fire dragon (shapeshifter) (Depths:5)
  5 eleionomae
  14 green deaths (Pan)
  4 death oozes (Slime:5)
  4 deep elf death magi
  Josephine (Snake:1)
  20 fire dragons
  14 deep elf high priests
  12 great orbs of eyes
  4 quicksilver dragon zombies
  21 yaktaur captains
  4 kraken zombies
  2 spectral krakens (Tar:7)
  27 hydras
  A monstrous demonspawn (Pan)
  7 boulder beetles
  2 hell beasts (Pan)
  A shambling mangrove (Abyss:3)
  3 ghost crabs
  Erolcha (Orc:2)
  15 naga warriors
  6 rakshasas
  4 spriggan air magi
  4 quicksilver dragon skeletons
  33 ice dragons
  4 catoblepae (Lair:6)
  33 vault guards
  11 anacondas
  13 ogre magi
  6 centaur warriors
  3 death knights
  2 satyrs (Abyss:3)
  12 alligators
  29 two-headed ogres
  2 two-headed ogres (shapeshifter)
  15 deep troll shamans
  6 death yaks (Lair:6)
  13 tengu warriors
  A queen ant (Lair:3)
  31 dancing weapons
  29 death scarabs
  5 titan zombies
  Urug (D:13)
  24 hell hogs
  15 deep troll earth magi
  9 vampire magi
  4 orc high priests (Orc:2)
  A thrashing horror (Abyss:1)
  8 shock serpents
  23 naga sharpshooters
  4 spriggan berserkers (Depths:5)
  2 storm dragon zombies
  12 iron golems
  43 soul eaters
  A wretched star (Abyss:1)
  15 deep elf knights
  28 sixfirhies (Pan)
  11 titan skeletons
  Nergalle (D:11)
  3 salamander mystics
  37 sun demons
  15 iron trolls
  2 fire crabs (Swamp:4)
  132 skeletal warriors
  48 hell knights
  3 golden dragon zombies
  6 glowing orange brains
  2 spark wasp zombies (Depths:4)
  A goliath frog (shapeshifter) (Vaults:5)
  A ghost moth zombie (Coc:4)
  11 shadow wraiths
  A sea snake (shapeshifter) (D:14)
  9 storm dragon skeletons
  4 goliath frogs
  7 unseen horrors
  12 cherubim (Pan)
  A death drake (shapeshifter) (Depths:5)
  2 kraken simulacra
  25 shadow demons
  17 anaconda zombies
  2 gelid demonspawn (Pan)
  6 spriggan druids
  A death drake (Tar:1)
  2 unseen horrors (shapeshifter)
  11 naga ritualists
  3 swamp dragons
  2 shadow dragon zombies
  6 torturous demonspawn (Pan)
  15 bog bodies
  A lindwurm (shapeshifter) (Depths:2)
  16 necromancers
  44 deep trolls
  21 deep elf archers
  2 mana vipers (shapeshifter)
  13 flayed ghosts
  2 lindwurms
  11 wizards
  10 anaconda skeletons
  An infernal demonspawn (Pan)
  A shining eye (shapeshifter) (Elf:3)
  20 phantasmal warriors
  17 orc knights
  59 deep elf magi
  14 ironbrand convokers
  8 mana vipers
  8 shining eyes
  2 orb spiders (Depths:1)
  A wolf spider zombie (Geh:1)
  7 stone giant zombies
  A cyclops (shapeshifter) (Elf:3)
  17 harpies
  A harpy (shapeshifter) (Depths:4)
  27 ugly things
  2 golden dragon skeletons
  A fire giant zombie (Coc:7)
  3 frost giant zombies
  7 wolf spiders
  5 manticores
  5 orc sorcerers
  14 salamanders
  3 will-o-the-wisps
  3 worldbinders
  7 iron dragon zombies
  A spectral fire dragon (Coc:3)
  A salamander (shapeshifter) (Vaults:3)
  17 elephants
  An eleionoma skeleton (Crypt:1)
  5 stone giant skeletons
  7 cyclopes
  A centaur zombie (D:11)
  2 sphinx skeletons
  2 tengu skeletons
  34 moths of wrath
  5 guardian serpents
  2 water nymphs (Abyss:3)
  6 shadow dragon skeletons
  23 naga magi
  13 frost giant skeletons
  35 black mambas
  2 dire elephant zombies
  3 iron dragon skeletons
  18 orange demons (Pan)
  A torpor snail (Lair:6)
  13 vault sentinels
  5 fire giant skeletons
  5 ice statues
  Maurice (D:8)
  A torpor snail (shapeshifter) (Vaults:5)
  An apocalypse crab (Abyss:1)
  A gargoyle (D:15)
  25 smoke demons
  20 rust devils
  An alligator snapping turtle zombie (Coc:2)
  3 eyes of devastation
  A cane toad (shapeshifter) (Depths:2)
  12 molten gargoyles
  2 emperor scorpion zombies (Dis:7)
  3 storm dragon simulacra (Coc:7)
  A catoblepas zombie (Dis:1)
  10 cane toads
  2 titan simulacra (Coc:7)
  Maggie (D:6)
  A green draconian zombie (Tar:7)
  A white draconian zombie (Dis:2)
  4 shock serpent skeletons
  17 hellions
  11 spectral swamp worms (Tar:7)
  17 efreet
  3 human zombies
  A yaktaur (shapeshifter) (Depths:2)
  2 black draconian zombies
  5 dire elephant skeletons
  An ancient zyme (Abyss:1)
  A kobold demonologist (D:15)
  2 rime drakes
  A catoblepas skeleton (Crypt:2)
  39 yaktaurs
  33 tormentors
  4 demonic crawlers
  32 red devils
  39 freezing wraiths
  7 komodo dragons
  7 anaconda simulacra (Coc:7)
  48 guardian mummies
  16 hellwings (Pan)
  4 tengu conjurers
  A yaktaur skeleton (Vaults:2)
  3 silent spectres
  A red draconian skeleton (Crypt:1)
  33 ice devils
  A wind drake (shapeshifter) (Vaults:1)
  14 hydra zombies
  4 harpy zombies
  10 trolls
  4 bloated husks
  4 tyrant leeches
  A jumping spider (shapeshifter) (Vaults:5)
  20 polar bears
  2 trolls (shapeshifter)
  Grinder (D:6)
  18 hornets
  5 harpy skeletons
  An ice dragon zombie (Geh:7)
  54 slime creatures
  A fire giant simulacrum (Coc:7)
  A raiju (shapeshifter) (Depths:1)
  6 ettin zombies
  A blink frog (shapeshifter) (Depths:2)
  14 blink frogs
  11 hydra skeletons
  A snapping turtle (shapeshifter) (Vaults:5)
  5 fire dragon zombies
  6 raiju (Abyss:1)
  7 dream sheep (Lair:6)
  10 alligator zombies
  A satyr zombie (Crypt:1)
  115 flying skulls
  A black mamba zombie (Coc:7)
  A stone giant simulacrum (Vaults:2)
  6 ice dragon skeletons
  A vampire (D:15)
  16 shadows
  A tarantella (shapeshifter) (Depths:2)
  19 water elementals
  2 alligator skeletons
  13 spriggans
  3 air elementals
  12 ynoxinuls
  A shock serpent simulacrum (Coc:3)
  2 redbacks
  A tarantella (Vaults:4)
  5 wyverns
  Eustachio (D:6)
  3 black mamba skeletons
  7 fire bats
  42 large abominations
  46 yaks
  5 basilisks
  A basilisk (shapeshifter) (D:15)
  3 fire dragon skeletons
  13 ushabtiu
  8 chaos spawn (Pan)
  7 ettin skeletons
  Grum (Lair:1)
  22 neqoxecs
  33 wraiths
  21 fire elementals
  An elf simulacrum (Depths:4)
  3 human simulacra
  A human (shapeshifter) (Vaults:4)
  2 steam dragons (Swamp:4)
  6 vampire mosquitoes (Lair:3)
  17 swamp worms
  38 nagas
  An infernal demonspawn zombie (Tar:7)
  15 soldier ants (Lair:3)
  An acid dragon (shapeshifter) (Vaults:1)
  5 cane toad zombies
  63 hell hounds
  6 acid dragons
  5 small abominations (Abyss:1)
  A soldier ant (shapeshifter) (Depths:3)
  A merfolk zombie (Geh:1)
  10 hydra simulacra
  7 wargs
  11 water moccasins
  2 floating eyes
  2 cane toad skeletons
  2 floating eyes (shapeshifter)
  10 ice beasts
  49 orc warriors
  A hornet zombie (D:14)
  4 sky beasts
  2 black bears
  17 swamp drakes
  An ettin simulacrum (Coc:7)
  8 eyes of draining
  A manticore zombie (Coc:7)
  8 phantoms
  2 snapping turtle zombies
  An eye of draining (shapeshifter) (Depths:2)
  29 ogres
  26 necrophages
  2 swamp dragon skeletons
  26 wolves
  6 boggarts
  14 centaurs
  5 snapping turtle skeletons
  A manticore skeleton (Coc:1)
  A dream sheep skeleton (Crypt:1)
  An orc skeleton (Vaults:2)
  4 big kobolds
  An octopode zombie (Crypt:2)
  11 human skeletons
  20 bullfrogs
  An elf skeleton (Pan)
  A gnoll sergeant (D:6)
  An earth elemental (Elf:2)
  2 cane toad simulacra
  A wyvern skeleton (D:9)
  A scorpion (D:4)
  2 troll zombies
  A spriggan skeleton (Crypt:1)
  37 wights
  10 killer bees
  A polar bear skeleton (Crypt:1)
  A snapping turtle simulacrum (Coc:7)
  6 howler monkeys
  2 electric eels
  4 crimson imps
  2 quasits
  4 lava snakes
  A bullfrog zombie (D:13)
  4 hounds
  27 orc priests
  3 centaur skeletons
  3 jellies
  5 iron imps
  6 bullfrog skeletons
  An iguana (D:7)
  35 orc wizards
  36 worker ants
  2 naga skeletons
  A big kobold skeleton (Crypt:1)
  3 hound skeletons
  A hound zombie (D:6)
  39 mummies
  13 adders
  4 gnolls (D:6)
  13 shadow imps
  33 white imps
  5 ufetubi
  3 oozes
  An adder zombie (Crypt:2)
  4 adder skeletons
  A halfling skeleton (Crypt:2)
  A worm (D:3)
  3 dart slugs
  2 leopard geckos
  138 orcs
  A bat zombie (Crypt:2)
  7 giant cockroaches
  6 goblins
  6 hobgoblins
  15 jackals
  23 kobolds
  6 quokkas
  A ball python zombie (D:6)
  5 bats
  6 frilled lizards
  An orc zombie (Geh:7)
  A quokka zombie (D:6)
  7 rats
  71 blocks of ice
  2 butterflies
  3 fire vortices (D:8)
  5 tentacles
4736 creatures vanquished.

Vanquished Creatures (collateral kills)
  A bullfrog (Lair:3)
1 creature vanquished.

Vanquished Creatures (others)
  An eldritch tentacle (Zot:5)
  A shadow dragon (Tar:7)
  A tengu reaver (Depths:4)
  A white draconian (Zot:3)
  A blizzard demon (Hell)
  A green death (Pan)
  A skeletal warrior (Tar:7)
  A bloated husk (Swamp:4)
  A shadow (Geh:1)
  A steam dragon (Swamp:4)
  A swamp drake (Swamp:4)
  A necrophage (Tar:5)
  A human skeleton (Geh:1)
  524 blocks of ice
  8 foxfires
  35 fungi
  92 plants
  32 tentacles
704 creatures vanquished.

Grand Total: 5441 creatures vanquished

Notes
Turn   | Place    | Note
-------+----------+-------------------------------------------
     0 | D:1      | DearestLeader the Gargoyle Earth Elementalist began the
                  | quest for the Orb.
     0 | D:1      | Reached XP level 1. HP: 10/10 MP: 3/3
     2 | D:1      | Noticed a naga
     4 | D:1      | Noticed a dwarf
     4 | D:1      | Noticed a ghoul
     6 | D:1      | Noticed a formicid
     8 | D:1      | Noticed a centaur
    10 | D:1      | Noticed an elf
    10 | D:1      | Noticed an ogre
    12 | D:1      | Noticed a merfolk
    12 | D:1      | Noticed a human
    14 | D:1      | Noticed a spriggan
    16 | D:1      | Noticed a draconian
    16 | D:1      | Noticed a vine stalker
    18 | D:1      | Noticed a demigod
    18 | D:1      | Noticed a felid
    20 | D:1      | Noticed a tengu
    20 | D:1      | Noticed a vampire
    22 | D:1      | Noticed a minotaur
    22 | D:1      | Noticed an octopode
    24 | D:1      | Noticed a troll
    24 | D:1      | Noticed a demonspawn
    26 | D:1      | Noticed a gargoyle
    26 | D:1      | Noticed a halfling
   147 | D:1      | Reached XP level 2. HP: 11/15 MP: 1/5
  1089 | D:2      | Reached XP level 3. HP: 19/19 MP: 6/6
  1104 | D:2      | Learned a level 2 spell: Passwall
  1108 | D:2      | Learned a level 3 spell: Stone Arrow
  1121 | D:2      | Reached skill level 5 in Earth Magic
  2391 | D:3      | Reached XP level 4. HP: 20/24 MP: 7/7
  2778 | D:3      | Found a shadowy altar of Dithmenos.
  2835 | D:3      | Reached XP level 5. HP: 13/28 MP: 6/8
  3550 | D:3      | Found a sparkling altar of Nemelex Xobeh.
  3577 | D:3      | Noticed an ogre
  3580 | D:3      | Killed an ogre
  3581 | D:3      | Reached skill level 1 in Fighting
  3581 | D:3      | Reached XP level 6. HP: 34/34 MP: 6/9
  4571 | D:4      | Found a white marble altar of Elyvilon.
  4726 | D:4      | Found a shadowy altar of Dithmenos.
  4774 | D:4      | Reached XP level 7. HP: 21/40 MP: 3/10
  5052 | D:4      | Found a glowing silver altar of Zin.
  5066 | D:5      | Entered Level 5 of the Dungeon
  5348 | D:5      | Found Veesmalu's General Store.
  5705 | D:5      | Found a glowing golden altar of the Shining One.
  6442 | D:6      | Noticed Grinder
  6453 | D:6      | Killed Grinder
  6454 | D:6      | Reached XP level 8. HP: 43/48 MP: 6/12
  6460 | D:6      | Learned a level 5 spell: Lee's Rapid Deconstruction
  6480 | D:6      | Noticed Maggie
  6496 | D:6      | Killed Maggie
  6497 | D:6      | Reached skill level 10 in Earth Magic
  6812 | D:6      | Noticed a two-headed ogre
  6932 | D:6      | Noticed Eustachio
  6942 | D:6      | Reached skill level 5 in Fighting
  6970 | D:6      | Killed Eustachio
  6981 | D:6      | Learned a level 4 spell: Petrify
  7124 | D:6      | Reached XP level 9. HP: 54/54 MP: 15/15
  7250 | D:6      | Found a bloodstained altar of Trog.
  7290 | D:6      | Found an ornate altar of the Wu Jian Council.
  7310 | D:6      | Found a staircase to the Ecumenical Temple.
  7319 | Temple   | Entered the Ecumenical Temple
  7330 | Temple   | Became a worshipper of Vehumet
  8690 | D:7      | Found a sacrificial altar of Ru.
  8808 | D:7      | Found a shimmering blue altar of Sif Muna.
  8999 | D:8      | Noticed Maurice
  9010 | D:8      | Killed Maurice
  9011 | D:8      | Reached skill level 5 in Spellcasting
  9119 | D:8      | Reached skill level 1 in Transmutations
  9120 | D:8      | Reached * piety under Vehumet
  9120 | D:8      | Offered knowledge of Shock by Vehumet.
  9121 | D:8      | Reached skill level 1 in Conjurations
  9186 | D:8      | Found an ancient bone altar of Kikubaaqudgha.
  9228 | D:8      | Found a stormy altar of Qazlal.
  9514 | D:8      | Reached XP level 10. HP: 42/60 MP: 1/18
 10029 | D:9      | Found an iron altar of Okawaru.
 10577 | D:9      | Found a sacrificial altar of Ru.
 10864 | D:9      | Offered knowledge of Foxfire by Vehumet.
 11118 | D:9      | Reached ** piety under Vehumet
 11127 | D:9      | Reached skill level 5 in Conjurations
 11461 | D:10     | Entered Level 10 of the Dungeon
 11638 | D:10     | Noticed a brown ugly thing
 11678 | D:10     | Killed a brown ugly thing
 11861 | D:10     | Noticed a two-headed ogre
 11881 | D:10     | Killed a two-headed ogre
 12056 | D:10     | Noticed a two-headed ogre
 12061 | D:10     | Killed a two-headed ogre
 12062 | D:10     | Reached XP level 11. HP: 64/64 MP: 1/22
 12106 | D:10     | Learned a level 3 spell: Mephitic Cloud
 12581 | D:10     | Offered knowledge of Searing Ray by Vehumet.
 13428 | D:11     | Noticed Nergalle
 13429 | D:11     | Noticed a five-headed hydra
 13445 | D:11     | Killed a five-headed hydra
 13463 | D:11     | Killed Nergalle
 13584 | D:11     | Noticed a two-headed ogre
 13588 | D:11     | Killed a two-headed ogre
 13588 | D:11     | Reached *** piety under Vehumet
 13668 | D:11     | Found a staircase to the Lair.
 13720 | D:11     | Noticed a six-headed hydra
 13726 | D:11     | Killed a six-headed hydra
 13894 | D:11     | Offered knowledge of Olgreb's Toxic Radiance by Vehumet.
 14630 | Lair:1   | Entered Level 1 of the Lair of Beasts
 14923 | Lair:1   | Noticed Grum
 14938 | Lair:1   | Killed Grum
 14947 | Lair:1   | Reached XP level 12. HP: 36/70 MP: 9/24
 15149 | Lair:1   | Reached skill level 5 in Dodging
 15221 | Lair:1   | Reached **** piety under Vehumet
 15223 | Lair:1   | Reached skill level 1 in Shields
 16368 | Lair:2   | Reached skill level 10 in Conjurations
 16605 | Lair:2   | Offered knowledge of Yara's Violent Unravelling by Vehumet.
 16895 | Lair:3   | Found a staircase to the Swamp.
 17026 | Lair:3   | Noticed a queen ant
 17058 | Lair:3   | Killed a queen ant
 17239 | Lair:3   | Reached skill level 15 in Earth Magic
 17500 | Lair:3   | Reached ***** piety under Vehumet
 17521 | Lair:3   | Offered knowledge of Iron Shot by Vehumet.
 17532 | Lair:3   | Learned a level 6 spell: Iron Shot
 17656 | Lair:3   | Noticed a four-headed hydra
 17664 | Lair:3   | Killed a four-headed hydra
 17665 | Lair:3   | Reached XP level 13. HP: 44/76 MP: 10/26
 18197 | Lair:3   | Found a staircase to the Snake Pit.
 18560 | Lair:4   | Noticed Rupert
 18963 | Lair:4   | Got a smoking quarterstaff
 18963 | Lair:4   | Identified the +9 quarterstaff "Dijiheut" {vorpal, rPois
                  | Will+ Str+5 Int-2} (You found it on level 4 of the Lair of
                  | Beasts)
 19112 | Lair:3   | Killed Rupert
 19604 | Lair:4   | Reached skill level 1 in Staves
 20150 | Lair:5   | Reached skill level 10 in Spellcasting
 20594 | Lair:5   | Found a staircase to the Slime Pits.
 20594 | Lair:5   | Found a viscous altar of Jiyva.
 22202 | Lair:6   | Entered Level 6 of the Lair of Beasts
 22214 | Lair:6   | Gained mutation: Your large and strong wings let you fly
                  | indefinitely. [Gargoyle growth]
 22214 | Lair:6   | Reached XP level 14. HP: 60/84 MP: 28/28
 23019 | Lair:6   | Reached skill level 5 in Staves
 24385 | Lair:6   | Found the +8 demon trident "Rift" {distort, reach+}
 24857 | D:12     | Found Dagh's Book Shop.
 24860 | D:12     | Offered knowledge of Sticky Flame by Vehumet.
 24861 | D:12     | Found Kenazxia's Book Boutique.
 24959 | D:12     | Found Asocvof's Weapon Emporium.
 25009 | D:12     | Bought a book of Ice for 975 gold pieces
 25016 | D:12     | Learned a level 6 spell: Ozocubu's Refrigeration
 25166 | D:12     | Reached skill level 1 in Ice Magic
 25263 | D:12     | Found Mynih's Book Boutique.
 25717 | D:12     | Found Pyer's Weapon Shop.
 25785 | D:12     | Found a staircase to the Orcish Mines.
 25930 | Orc:1    | Entered Level 1 of the Orcish Mines
 26123 | Orc:2    | Entered Level 2 of the Orcish Mines
 26129 | Orc:2    | Noticed Nessos
 26134 | Orc:2    | Reached XP level 15. HP: 91/91 MP: 3/29
 26151 | Orc:2    | Killed Nessos
 26406 | Orc:2    | Noticed Erolcha
 26409 | Orc:2    | Killed Erolcha
 27191 | Orc:2    | Found a staircase to the Elven Halls.
 27348 | Orc:1    | Offered knowledge of Spellforged Servitor by Vehumet.
 27497 | Orc:2    | Reached skill level 10 in Fighting
 27653 | Orc:2    | Found a shimmering altar of Xom.
 27661 | Orc:2    | Found Miha's Armour Emporium.
 27885 | Orc:2    | Reached skill level 5 in Ice Magic
 27909 | Orc:2    | Noticed an orc warlord
 28370 | Orc:2    | Killed an orc warlord
 28918 | Orc:2    | Found Axtat's General Store.
 28919 | Orc:2    | Found Fahoxul's Jewellery Boutique.
 28921 | Orc:2    | Found Delobb's Antique Armour Shop.
 28921 | Orc:2    | Found Arierhide's Antique Weapon Shop.
 28926 | Orc:2    | Bought a ripped robe for 165 gold pieces
 28926 | Orc:2    | Bought a shiny buckler for 217 gold pieces
 28926 | Orc:2    | Bought a glowing hat for 203 gold pieces
 28952 | Orc:2    | Identified the +1 robe of the Will of the Gods {+Fly rF-
                  | Str+4} (You bought it in a shop on level 2 of the Orcish
                  | Mines)
 29410 | D:13     | Noticed Urug
 29416 | D:13     | Killed Urug
 29891 | Orc:2    | Bought the ring of the Mage {Wiz Will++ Int+3} for 620 gold
                  | pieces
 29891 | Orc:2    | Found the ring of the Mage {Wiz Will++ Int+3}
 30068 | D:14     | Found a gate to the Vaults.
 30085 | D:14     | Offered knowledge of Lightning Bolt by Vehumet.
 30101 | D:14     | Found a frozen archway.
 30126 | IceCv    | Entered an ice cave
 30767 | IceCv    | Noticed a frost giant
 30783 | IceCv    | Killed a frost giant
 30784 | IceCv    | Reached skill level 10 in Ice Magic
 31050 | D:14     | Noticed a tengu reaver
 31055 | D:14     | Reached XP level 16. HP: 97/97 MP: 26/31
 31055 | D:14     | Offered knowledge of Bolt of Magma by Vehumet.
 31058 | D:14     | Killed a tengu reaver
 31059 | D:14     | Noticed a sphinx
 31244 | D:14     | Killed a sphinx
 31360 | D:14     | Found the +5 sword of Power {vorpal}
 31903 | D:15     | Entered Level 15 of the Dungeon
 32052 | D:15     | Reached skill level 1 in Armour
 32476 | D:15     | Found a hazy altar of Hepliaklqana.
 32504 | D:15     | Found a staircase to the Depths.
 33349 | Snake:1  | Entered Level 1 of the Snake Pit
 33587 | Snake:1  | Noticed a nagaraja
 33591 | Snake:1  | Killed a nagaraja
 33885 | Snake:1  | Found Zats's Antique Armour Boutique.
 33894 | Snake:1  | Bought a pair of spiked boots for 285 gold pieces
 33905 | Snake:1  | Identified the cursed +0 pair of boots of Midnight {-Cast
                  | Int+4 Slay+3} (You bought it in a shop on level 1 of the
                  | Snake Pit)
 33927 | Snake:1  | Noticed Josephine
 33936 | Snake:1  | Killed Josephine
 35406 | Snake:2  | Reached ****** piety under Vehumet
 35541 | Snake:2  | Found Gikkal's Jewellery Boutique.
 35543 | Snake:2  | Found Gemism's Antique Armour Shop.
 35545 | Snake:2  | Found Muenenk's Jewellery Boutique.
 35749 | Snake:2  | Reached XP level 17. HP: 100/104 MP: 23/32
 35882 | Snake:2  | Found a runed translucent door.
 35915 | Snake:2  | Reached skill level 1 in Polearms
 36281 | Snake:3  | Offered knowledge of Conjure Ball Lightning by Vehumet.
 37467 | Snake:4  | Entered Level 4 of the Snake Pit
 37603 | Snake:4  | Identified a scroll of acquirement
 37604 | Snake:4  | Acquired an uncursed staff of cold
 38085 | Snake:4  | Reached XP level 18. HP: 106/112 MP: 23/35
 38103 | Snake:4  | Offered knowledge of Lehudib's Crystal Spear by Vehumet.
 38165 | Snake:4  | Learned a level 8 spell: Lehudib's Crystal Spear
 38408 | Snake:4  | Got a serpentine rune of Zot
 38715 | Snake:4  | Reached skill level 15 in Ice Magic
 38986 | Snake:4  | Found Jabb's Gadget Boutique.
 38986 | Snake:4  | Found Nulun's Jewellery Shoppe.
 38999 | Snake:4  | Found Zeked's Gadget Boutique.
 39254 | Swamp:1  | Entered Level 1 of the Swamp
 40284 | Swamp:2  | Noticed Donald
 40287 | Swamp:2  | Killed Donald
 41000 | Swamp:2  | Reached XP level 19. HP: 118/118 MP: 35/37
 41974 | Swamp:3  | Found a runed translucent gate.
 41974 | Swamp:3  | Found a runed translucent gate.
 41974 | Swamp:3  | Found a runed translucent gate.
 41975 | Swamp:3  | Noticed generaletaddeo's ghost (adept SpWn)
 42076 | Swamp:3  | Killed generaletaddeo's ghost
 42316 | Swamp:4  | Entered Level 4 of the Swamp
 44008 | Swamp:4  | Got a decaying rune of Zot
 44241 | Vaults:1 | Entered Level 1 of the Vaults
 44252 | Vaults:1 | Learned a level 9 spell: Absolute Zero
 45269 | Vaults:1 | Offered knowledge of Shatter by Vehumet.
 45269 | Vaults:1 | Offered knowledge of Tornado by Vehumet.
 45410 | Vaults:1 | Reached XP level 20. HP: 126/126 MP: 38/38
 45582 | Vaults:1 | Found Duomiaxa's Armour Boutique.
 45586 | Vaults:1 | Bought a +2 cloak of preservation for 408 gold pieces
 47882 | Vaults:2 | Reached skill level 10 in Staves
 47929 | Vaults:2 | Reached skill level 15 in Spellcasting
 48408 | Vaults:2 | Found a staircase to the Crypt.
 49602 | Vaults:3 | Noticed Nikola
 49615 | Vaults:3 | Killed Nikola
 49915 | Vaults:3 | Noticed Asterion
 49920 | Vaults:3 | Killed Asterion
 50069 | Vaults:3 | Reached XP level 21. HP: 132/132 MP: 40/40
 52085 | Vaults:5 | Entered Level 5 of the Vaults
 52088 | Vaults:5 | Reached skill level 15 in Fighting
 52329 | Vaults:5 | Noticed an ancient lich
 52331 | Vaults:5 | Noticed a golden dragon
 52333 | Vaults:5 | Killed an ancient lich
 52334 | Vaults:5 | Reached skill level 10 in Dodging
 52334 | Vaults:5 | Reached XP level 22. HP: 140/140 MP: 18/41
 52334 | Vaults:5 | Killed a golden dragon
 52960 | Vaults:5 | Identified the cursed +1 robe "Ziqao" {rF- Will- Str+9
                  | Slay+2} (You found it on level 5 of the Vaults)
 53090 | Vaults:5 | Got a twitching silver amulet
 53091 | Vaults:5 | Identified the amulet of Undoing {rElec Regen+ Dex+3} (You
                  | found it on level 5 of the Vaults)
 53325 | Vaults:5 | Got a silver rune of Zot
 53717 | Vaults:5 | Identified the +9 flail of the Wasp {drain, *Contam rN++
                  | Will++}
 53761 | Vaults:5 | Identified the +0 shortbow of Doom {speed, Will+}
 53763 | Vaults:5 | Identified the +1 chain mail of Intuition {rF- rC++}
 54027 | Vaults:5 | Found the amulet of the Air {Inacc +Fly rElec EV+5 RMsl}
 54031 | Vaults:5 | Identified Jaz Xyej's Papyrus of Glacial Bewitchment
 54280 | Vaults:5 | Noticed an ancient lich
 54288 | Vaults:5 | Killed an ancient lich
 54794 | Vaults:5 | Reached skill level 5 in Armour
 55424 | Elf:1    | Entered Level 1 of the Elven Halls
 56018 | Elf:1    | Identified the +6 whip "Teluzux" {protect, *Noise rN+
                  | Dex+2}
 56019 | Elf:1    | Reached XP level 23. HP: 144/144 MP: 43/43
 56030 | Elf:1    | Found a runed translucent gate.
 56030 | Elf:1    | Found a runed translucent gate.
 56030 | Elf:1    | Found a runed translucent gate.
 56030 | Elf:1    | Found a runed translucent gate.
 56030 | Elf:1    | Found a runed translucent gate.
 56032 | Elf:1    | Found a runed translucent gate.
 57251 | Elf:2    | Found a portal to a secret trove of treasure.
 57716 | Elf:2    | Found a runed translucent gate.
 57718 | Elf:2    | Found a runed translucent gate.
 57719 | Elf:2    | Found a runed translucent gate.
 58381 | Elf:3    | Entered Level 3 of the Elven Halls
 58837 | Elf:3    | Identified the +7 trident of Urgency {antimagic, Int+3}
 59043 | Elf:3    | Identified the cursed ring "Muufoaxa" {Str-4 Int+4 Slay+3}
 59089 | Elf:3    | Found the ring of the Hare {EV+8}
 59101 | Elf:3    | Identified Unetzi's Volume of Enthralling Earth
 59298 | Elf:3    | Got a pitted leather armour
 59299 | Elf:3    | Identified the +0 leather armour of Ytichiw {Int+3} (You
                  | found it on level 3 of the Elven Halls)
 59383 | Elf:3    | Reached XP level 24. HP: 149/150 MP: 44/44
 60141 | Elf:3    | Identified the Incunabulum of Calling and Battle Magic
 60481 | Snake:2  | Bought the +4 skin of Zhor {Englaciate rC+++ SInv} for 2327
                  | gold pieces
 60481 | Snake:2  | Found the +4 skin of Zhor {Englaciate rC+++ SInv}
 60716 | Depths:1 | Entered Level 1 of the Depths
 61569 | Depths:1 | Learned a level 9 spell: Shatter
 62820 | Depths:1 | Found a gateway to Hell.
 64842 | Depths:2 | Got a shimmering silver ring
 64845 | Depths:2 | Identified the ring of Toucs {*Corrode +Fly rPois rF+} (You
                  | found it on level 2 of the Depths)
 65035 | Depths:3 | Found a one-way gate leading to the halls of Pandemonium.
 65127 | Depths:3 | Found a flickering gateway to a bazaar.
 65136 | Bazaar   | Entered a bazaar
 65136 | Bazaar   | Found Pozuw's General Store.
 65143 | Bazaar   | Found Ypluirifa's General Store.
 65150 | Bazaar   | Found Kosh's General Store.
 65154 | Bazaar   | Found Tuocaorgh's Antique Armour Shoppe.
 65163 | Bazaar   | Bought a pair of runed boots for 202 gold pieces
 65180 | Bazaar   | Found Bisked's Antique Weapon Shop.
 65209 | Bazaar   | Bought a scroll of acquirement for 468 gold pieces
 65209 | Bazaar   | Acquired 920 gold pieces
 65652 | Depths:3 | Reached skill level 5 in Shields
 66014 | Depths:3 | Reached skill level 10 in Armour
 66169 | Depths:3 | Found a gateway to a ziggurat.
 66174 | Depths:3 | Reached XP level 25. HP: 156/156 MP: 24/44
 66386 | Depths:3 | Found a one-way gate to the infinite horrors of the Abyss.
 67300 | Depths:4 | Noticed a juggernaut
 67302 | Depths:4 | Noticed Sojobo
 67303 | Depths:4 | Killed Sojobo
 67504 | Depths:4 | Killed a juggernaut
 68955 | Depths:4 | Noticed a juggernaut
 68957 | Depths:4 | Killed a juggernaut
 69308 | Depths:4 | Reached XP level 26. HP: 161/161 MP: 45/45
 69865 | Depths:5 | Entered Level 5 of the Depths
 70278 | Depths:5 | Found a gate to the Realm of Zot.
 70329 | Depths:5 | Reached skill level 10 in Shields
 71546 | Depths:5 | Identified Odifik's Sophisticated Spellcraft
 71894 | Depths:4 | Voluntarily entered the Abyss.
 72432 | Abyss:3  | Got an abyssal rune of Zot
 72441 | Depths:4 | Escaped the Abyss
 72544 | Zot:1    | Entered Level 1 of the Realm of Zot
 72575 | Zot:1    | Reached XP level 27. HP: 151/168 MP: 1/46
 76346 | Zot:4    | Noticed an orb of fire
 76348 | Zot:4    | Killed an orb of fire
 76746 | Zot:4    | Acquired a +0 pair of gloves of dexterity
 76861 | Zot:4    | Found a transporter.
 76863 | Zot:4    | Noticed an ancient lich
 77067 | Zot:4    | Found a transporter.
 77509 | Zot:4    | Killed an ancient lich
 77618 | Zot:4    | Got a twitching bronze ring
 77620 | Zot:4    | Got a twisted helmet
 77630 | Zot:4    | Identified the cursed +0 helmet "Liaph" {Will+} (You found
                  | it on level 4 of the Realm of Zot)
 77630 | Zot:4    | Identified the Catalogue of Panentheism
 78075 | Slime:1  | Entered Level 1 of the Pits of Slime
 78076 | Slime:1  | Found a viscous altar of Jiyva.
 78135 | Slime:1  | Gained mutation: You are dopey. (Int -2) [a shining eye]
 78564 | Slime:5  | Entered Level 5 of the Pits of Slime
 78738 | Slime:5  | Noticed the Royal Jelly
 78740 | Slime:5  | Killed the Royal Jelly
 79067 | Slime:5  | Got a slimy rune of Zot
 79085 | Slime:5  | Got a bound gossamer ring
 79086 | Slime:5  | Identified the ring "Tasyweby" {*Tele *Drain +Inv rN++}
                  | (You found it on level 4 of the Realm of Zot)
 79087 | Slime:5  | Identified the ring of Fixation {rElec Will+ Str+4 Slay-5}
                  | (You found it on level 5 of the Pits of Slime)
 79971 | Hell     | Entered the Vestibule of Hell
 79972 | Hell     | Noticed Geryon
 79975 | Hell     | Killed Geryon
 79979 | Hell     | Reached skill level 15 in Shields
 80894 | Hell     | Found a gateway to the freezing wastes of Cocytus.
 81096 | Hell     | Found a gateway to the decaying netherworld of Tartarus.
 81175 | Hell     | Found a gateway to the ashen valley of Gehenna.
 81427 | Hell     | Found a gateway to the Iron City of Dis.
 81467 | Geh:1    | Entered Level 1 of Gehenna
 82860 | Geh:7    | Entered Level 7 of Gehenna
 83997 | Geh:7    | Found the +7 sceptre of Asmodeus
 83997 | Geh:7    | Noticed Asmodeus
 84002 | Geh:7    | Killed Asmodeus
 84029 | Geh:7    | Got an obsidian rune of Zot
 84296 | Dis:1    | Entered Level 1 of the Iron City of Dis
 84682 | Dis:5    | You are sucked into a shaft and drop 1 floor!
 84701 | Dis:7    | Entered Level 7 of the Iron City of Dis
 85437 | Dis:7    | Found the +4 staff of Dispater
 85437 | Dis:7    | Noticed Dispater
 85442 | Dis:7    | Killed Dispater
 85509 | Dis:7    | Found the cursed necklace of Bloodlust {*Rage +Rage Will++
                  | Int-3 Slay+6 *Curse}
 85513 | Dis:7    | Got an iron rune of Zot
 85519 | Dis:7    | Identified the Tome of Weightlessness and the Volcanoes
 85894 | Tar:1    | Entered Level 1 of Tartarus
 87123 | Tar:7    | Entered Level 7 of Tartarus
 87229 | Tar:7    | HP: 6/181 [bone dragon[the effects of Hell] (17)]
 87621 | Tar:7    | Gained mutation: You are frail. (-10% HP) [a neqoxec]
 89982 | Tar:7    | Identified the +2 plate armour of Articulation {rC+ Slay+6}
 90392 | Tar:7    | Noticed Ereshkigal
 90396 | Tar:7    | Killed Ereshkigal
 90422 | Tar:7    | Noticed the Serpent of Hell
 90438 | Tar:7    | Got a bone rune of Zot
 90453 | Tar:7    | Killed the Serpent of Hell
 91090 | Crypt:1  | Entered Level 1 of the Crypt
 92254 | Crypt:2  | Noticed Saint Roka
 92258 | Crypt:2  | Killed Saint Roka
 92819 | Crypt:2  | Learned a level 6 spell: Invisibility
 92826 | Crypt:2  | Learned a level 6 spell: Simulacrum
 93379 | Crypt:3  | Entered Level 3 of the Crypt
 93392 | Crypt:3  | Reached skill level 1 in Hexes
 93872 | Crypt:3  | Found a staircase to the Tomb.
 94389 | Crypt:3  | Noticed an ancient lich
 94391 | Crypt:3  | Killed an ancient lich
 94397 | Crypt:3  | Found a basalt altar of Yredelemnul.
 94693 | Crypt:3  | Found the +6 Majin-Bo {vamp, MP+6 Int+6}
 95607 | Coc:1    | Entered Level 1 of Cocytus
 95850 | Coc:2    | Reached skill level 5 in Hexes
 95900 | Coc:2    | You are sucked into a shaft and drop 1 floor!
 95976 | Coc:4    | You are sucked into a shaft and drop 2 floors!
 96319 | Coc:2    | Noticed an ancient lich
 96321 | Coc:2    | Killed an ancient lich
 96689 | Coc:7    | Entered Level 7 of Cocytus
 97447 | Coc:4    | Gained mutation: Your magical capacity is low. (-10% MP)
                  | [mutagenic glow]
 97474 | Coc:4    | Gained mutation: Armour fits poorly on your strangely
                  | shaped body. [mutagenic glow]
 97560 | Coc:4    | Gained mutation: Your body sometimes deteriorates upon
                  | taking damage. [mutagenic glow]
 97726 | Coc:7    | Reached skill level 27 in Spellcasting
 97742 | Coc:7    | Lost mutation: You are dopey. (Int -2) [mutagenic glow]
 97807 | Coc:7    | Gained mutation: Scrolls take you a little longer to read.
                  | [mutagenic glow]
 97872 | Coc:7    | Gained mutation: Scrolls take you longer to read.
                  | [mutagenic glow]
 97893 | Coc:7    | Lost mutation: Your body sometimes deteriorates upon taking
                  | damage. [potion of mutation]
 97893 | Coc:7    | Lost mutation: You are frail. (-10% HP) [potion of
                  | mutation]
 97893 | Coc:7    | Gained mutation: Your spells are a little easier to cast,
                  | but a little less powerful. [potion of mutation]
 97893 | Coc:7    | Gained mutation: Potions are less effective at restoring
                  | your health. [potion of mutation]
 97893 | Coc:7    | Gained mutation: You are partially covered in iridescent
                  | scales. (AC +2) [potion of mutation]
 97894 | Coc:7    | Lost mutation: Armour fits poorly on your strangely shaped
                  | body. [potion of mutation]
 97894 | Coc:7    | Lost mutation: You are partially covered in iridescent
                  | scales. (AC +2) [potion of mutation]
 97894 | Coc:7    | Gained mutation: You are strong-willed. (Will+) [potion of
                  | mutation]
 97895 | Coc:7    | Lost mutation: Scrolls take you longer to read. [potion of
                  | mutation]
 97895 | Coc:7    | Lost mutation: Scrolls take you a little longer to read.
                  | [potion of mutation]
 97895 | Coc:7    | Lost mutation: Your spells are a little easier to cast, but
                  | a little less powerful. [potion of mutation]
 97895 | Coc:7    | Gained mutation: You expend magic power (3 MP) to
                  | strengthen your wands. [potion of mutation]
 97895 | Coc:7    | Gained mutation: You are somewhat resistant to further
                  | mutation. [potion of mutation]
 97896 | Coc:7    | Lost mutation: You are strong-willed. (Will+) [potion of
                  | mutation]
 97896 | Coc:7    | Lost mutation: Your magical capacity is low. (-10% MP)
                  | [potion of mutation]
 97896 | Coc:7    | Lost mutation: You expend magic power (3 MP) to strengthen
                  | your wands. [potion of mutation]
 98054 | Coc:7    | Reached skill level 10 in Hexes
 98373 | Coc:7    | Noticed Antaeus
 98376 | Coc:7    | Killed Antaeus
 98405 | Coc:7    | Got an icy rune of Zot
 98744 | Pan      | Entered Pandemonium
 98826 | Pan      | Acquired 925 gold pieces
 98950 | Pan      | Found an exit through the horrors of the Abyss.
 99127 | Pan      | Entered the realm of Mnoleg.
 99423 | Pan      | Reached skill level 15 in Dodging
 99640 | Pan      | Noticed Mnoleg
 99643 | Pan      | Killed Mnoleg
 99787 | Pan      | Got a glowing rune of Zot
100046 | Pan      | Entered the realm of Cerebov.
100759 | Pan      | Found the +6 sword of Cerebov {flame}
100759 | Pan      | Noticed Cerebov
100762 | Pan      | Killed Cerebov
100789 | Pan      | Got a fiery rune of Zot
100857 | Pan      | Found an exit through the horrors of the Abyss.
101252 | Pan      | Found an exit through the horrors of the Abyss.
101427 | Pan      | Noticed Ywaat the pandemonium lord
101429 | Pan      | Killed Ywaat the pandemonium lord
101660 | Pan      | Found a white marble altar of Elyvilon.
101903 | Pan      | Reached skill level 27 in Ice Magic
102104 | Pan      | Found a glowing silver altar of Zin.
102337 | Pan      | Reached skill level 27 in Earth Magic
102512 | Pan      | Found a glowing golden altar of the Shining One.
102515 | Pan      | Noticed a seraph
102518 | Pan      | Killed a seraph
102551 | Pan      | Got a demonic rune of Zot
102580 | Pan      | Identified the cursed +1 mace of the Ghost {venom, Str+3}
                  | (You found it in Pandemonium)
102951 | Pan      | Reached skill level 1 in Evocations
103027 | Pan      | Entered the realm of Gloorx Vloq.
103035 | Pan      | Noticed Gloorx Vloq
103303 | Pan      | Killed Gloorx Vloq
103364 | Pan      | Got a dark rune of Zot
103885 | Pan      | Reached skill level 5 in Evocations
104509 | Pan      | Found an exit through the horrors of the Abyss.
105550 | Pan      | Identified the +3 morningstar "Icsuasosa" {vorpal, rF++
                  | Will+} (You found it in Pandemonium)
105659 | Pan      | Noticed Mennas
105676 | Pan      | Killed Mennas
105818 | Pan      | Entered the realm of Lom Lobon.
105916 | Pan      | Learned a level 6 spell: Dispersal
105926 | Pan      | Learned a level 8 spell: Disjunction
106131 | Pan      | Reached skill level 1 in Translocations
106514 | Pan      | Noticed Lom Lobon
106518 | Pan      | Killed Lom Lobon
106556 | Pan      | Got a magical rune of Zot
107556 | Pan      | Noticed Buwked the pandemonium lord
107561 | Pan      | Killed Buwked the pandemonium lord
107562 | Pan      | Reached skill level 5 in Translocations
107647 | Depths:3 | Escaped Pandemonium
107981 | Tomb:1   | Entered Level 1 of the Tomb of the Ancients
108193 | Tomb:1   | Noticed Frederick
108196 | Tomb:1   | Killed Frederick
108224 | Tomb:1   | Noticed a royal mummy
108225 | Tomb:1   | Noticed a royal mummy
108229 | Tomb:1   | Noticed a royal mummy
108230 | Tomb:1   | Killed a royal mummy
108233 | Tomb:1   | Killed a royal mummy
108234 | Tomb:1   | Killed a royal mummy
108236 | Tomb:1   | Noticed a royal mummy
108238 | Tomb:1   | Noticed a royal mummy
108243 | Tomb:1   | Noticed a royal mummy
108243 | Tomb:1   | Noticed a royal mummy
108247 | Tomb:1   | Noticed a royal mummy
108550 | Tomb:1   | Noticed a royal mummy
108552 | Tomb:1   | Killed a royal mummy
108605 | Tomb:1   | Noticed a royal mummy
108606 | Tomb:1   | Killed a royal mummy
108611 | Tomb:1   | Noticed a royal mummy
108612 | Tomb:1   | Killed a royal mummy
108612 | Tomb:1   | Noticed a royal mummy
108613 | Tomb:1   | Noticed a royal mummy
108614 | Tomb:1   | Killed a royal mummy
108615 | Tomb:1   | Killed a royal mummy
108618 | Tomb:1   | Noticed a royal mummy
108619 | Tomb:1   | Killed a royal mummy
108620 | Tomb:1   | Killed a royal mummy
108620 | Tomb:1   | Noticed a royal mummy
108637 | Tomb:1   | Noticed a royal mummy
108640 | Tomb:1   | Noticed a royal mummy
108640 | Tomb:1   | Noticed a royal mummy
108641 | Tomb:1   | Noticed Mara
108809 | Tomb:1   | Killed a royal mummy
108810 | Tomb:1   | Noticed a royal mummy
108816 | Tomb:1   | Killed a royal mummy
108817 | Tomb:1   | Reached skill level 27 in Fighting
108832 | Tomb:1   | Killed a royal mummy
108834 | Tomb:1   | Noticed a royal mummy
108840 | Tomb:1   | Killed a royal mummy
108842 | Tomb:1   | Killed a royal mummy
108845 | Tomb:1   | Killed a royal mummy
108847 | Tomb:1   | Noticed Khufu
108849 | Tomb:1   | Killed a royal mummy
108849 | Tomb:1   | Noticed a royal mummy
108850 | Tomb:1   | Killed Khufu
108851 | Tomb:1   | Killed a royal mummy
108851 | Tomb:1   | Noticed a royal mummy
109135 | Tomb:1   | Killed a royal mummy
109136 | Tomb:1   | Reached skill level 10 in Translocations
109342 | Tomb:1   | Noticed a royal mummy
109343 | Tomb:1   | Noticed a royal mummy
109344 | Tomb:1   | Killed a royal mummy
109345 | Tomb:1   | Killed a royal mummy
109350 | Tomb:1   | Killed a royal mummy
109368 | Tomb:1   | Killed Mara
109454 | Tomb:1   | Killed a royal mummy
109636 | Tomb:1   | Killed a royal mummy
110203 | Tomb:2   | Noticed a royal mummy
110203 | Tomb:2   | Noticed a royal mummy
110204 | Tomb:2   | Noticed a royal mummy
110205 | Tomb:2   | Killed a royal mummy
110209 | Tomb:2   | Killed a royal mummy
110210 | Tomb:2   | Killed a royal mummy
110217 | Tomb:2   | Paralysed by a Zot trap for 5 turns
110356 | Tomb:2   | Noticed a royal mummy
110359 | Tomb:2   | Killed a royal mummy
110371 | Tomb:2   | Noticed a royal mummy
110380 | Tomb:2   | Killed a royal mummy
110594 | Tomb:2   | Acquired 574 gold pieces
110847 | Tomb:3   | Entered Level 3 of the Tomb of the Ancients
110860 | Tomb:3   | Noticed a royal mummy
110863 | Tomb:3   | Noticed a royal mummy
110864 | Tomb:3   | Killed a royal mummy
110866 | Tomb:3   | Killed a royal mummy
110871 | Tomb:3   | Identified the +2 scythe "Testudine's Death Toll" {venom,
                  | rElec Str+6}
110871 | Tomb:3   | Noticed a royal mummy
110873 | Tomb:3   | Killed a royal mummy
110873 | Tomb:3   | Noticed a royal mummy
110876 | Tomb:3   | Killed a royal mummy
110886 | Tomb:3   | Noticed a royal mummy
110889 | Tomb:3   | Killed a royal mummy
110889 | Tomb:3   | Noticed a royal mummy
110890 | Tomb:3   | Noticed a royal mummy
110890 | Tomb:3   | Noticed a royal mummy
110893 | Tomb:3   | Killed a royal mummy
110894 | Tomb:3   | Killed a royal mummy
110894 | Tomb:3   | Killed a royal mummy
110976 | Tomb:3   | Identified the ring of Jetaq {Str+6 Int+5 SInv Stlth+} (You
                  | found it on level 3 of the Tomb of the Ancients)
111159 | Tomb:3   | Identified the amulet "Bom Emod" {Acrobat rPois rF+ Will-}
                  | (You found it on level 3 of the Tomb of the Ancients)
111199 | Tomb:3   | Identified the ring of Heixit {Wiz rN+ Str+4} (You found it
                  | on level 3 of the Tomb of the Ancients)
111214 | Tomb:3   | Identified the amulet "Asydyoth" {rC+ rN+ Regen+ Int+4
                  | SInv} (You found it on level 3 of the Tomb of the Ancients)
111230 | Tomb:3   | Identified the amulet "Yxyluuf" {RegenMP Dex+2 Slay+3
                  | Stlth+} (You found it on level 3 of the Tomb of the
                  | Ancients)
111246 | Tomb:3   | Identified the Disquisition on the Entourage and Stolen
                  | Souls
111272 | Tomb:3   | Identified the cursed ring of Incredulity {Will++ EV-4
                  | Int+3} (You found it on level 3 of the Tomb of the
                  | Ancients)
111363 | Tomb:3   | Got a golden rune of Zot
112068 | Zot:5    | Entered Level 5 of the Realm of Zot
112739 | Zot:5    | Noticed an orb of fire
112743 | Zot:5    | Reached skill level 15 in Translocations
112743 | Zot:5    | Noticed an ancient lich
112744 | Zot:5    | Killed an orb of fire
112753 | Zot:5    | Killed an ancient lich
113057 | Zot:5    | Noticed an ancient lich
113067 | Zot:5    | Killed an ancient lich
113067 | Zot:5    | Noticed an ancient lich
113069 | Zot:5    | Killed an ancient lich
113083 | Zot:5    | Noticed an orb of fire
113088 | Zot:5    | Killed an orb of fire
113403 | Zot:5    | Got the Orb of Zot
113417 | Zot:5    | Noticed a seraph
113453 | Zot:5    | Killed a seraph
113473 | Zot:5    | Noticed a seraph
113480 | Zot:5    | Killed from afar by a Hell Sentinel

Illustrated notes

Levels and vault maps discovered:
D:1:      kb_arrival_jail, layout_basic, chequers_avenue, grunt_decor_cap
D:2:      layout_loops_corners
D:3:      layout_basic, nemelex_altar_shiori, palyth_stone_intersect,
          chequers_big_river, nicolae_dithmenos_shadow_blocks
D:4:      layout_basic, zin_treasury, old_standard_altar, elyvilon_altar_5
D:5:      layout_loops_corners, kennysheep_mini_moat, serial_shops,
          shop_fountains
D:6:      layout_loops_ring, pdpol_wu_jian_five_deadly_venoms,
          lemuel_crystal_altar, minmay_temple_entry_butterflies,
          lightli_corner_chamber, uniq_eustachio, uniq_maggie, uniq_grinder
D:7:      layout_layer_cave, tgw_sif, nicolae_ru_great_annihilating_truth
D:8:      layout_rooms, nicolae_qazlal_general_emergency,
          kiku_gazebo_pond_becter, nrook_mini_vaults, hangedman_incinerator,
          uniq_maurice
D:9:      layout_roguey, okawaru_metal_pillars_3, basic_altar,
          serial_corexii_hall, corexii_hall_statues_x,
          chequers_hall_statues_corner_a, kennysheep_opposing_triangles
D:10:     layout_basic, grunt_decor_arrowhead
D:11:     layout_roguey, lair_entry_dummy, uniq_nergalle
D:12:     layout_rooms, orc_0_dummy, serial_shops, shop, nicolae_shop_crystal,
          shop, shop_statue, shop
D:13:     layout_cave_pools, uniq_urug
D:14:     minmay_guarded_unrand_sword_of_power, layout_cave_pools,
          david_vaults_1, dk_noncrumbling_3, portal_ice_cave_entry_imps,
          lemuel_statue_altar
D:15:     grunt_enter_depths_giant_problem, layout_stronghold,
          minmay_misc_feat_tower, amcnicky_altar_gilded
Temple:   hc_temple_tempest_star
Lair:1:   layout_gridlike, beast_lair_carwin_10, lemuel_fruit_tree, uniq_grum
Lair:2:   layout_roguey
Lair:3:   wander_river, layout_chaotic_city, minmay_swamp_entry_swarm,
          minmay_snake_entry_guardpost_small, zaba_anthell
Lair:4:   layout_layer_cave, st_stairs_13, gammafunk_lair_bear_cave, uniq_rupert
Lair:5:   layout_misc_corridors, slime_altar_1, grunt_megastairs_1,
          lemuel_fruit_fields
Lair:6:   evilmike_catoblepas_cave, layout_regular_city
Swamp:1:  layout_falls_marsh, infiniplex_staircase_pool, swamp_pool5,
          cheibrodos_swamp_minitomb
Swamp:2:  layout_falls_marsh, evilmike_swamp_ruin_rubble_1, swamp_pool4,
          hangedman_swamp_grove, uniq_donald
Swamp:3:  layout_basic_swamp, gammafunk_ghost_hydra_chop, hangedman_swamp_cone
Swamp:4:  swamp_fiery, layout_basic_swamp
Snake:1:  layout_onion, serial_shops, nicolae_shop_statue_plus, st_stairs_1,
          grunt_ministairs_6, uniq_josephine
Snake:2:  layout_basic, lightli_airlock, minmay_shop_star
Snake:3:  layout_misc_corridors, special_room, nicolae_snake_linked_coils
Snake:4:  snake_pit, layout_concentric_octagons, st_stairs_1,
          nrook_guardian_serpent_ordinary, minmay_shop_grove
Slime:1:  layout_caves, basic_altar, amcnicky_altar_lugonu_corruption
Slime:2:  layout_caves
Slime:3:  layout_caves
Slime:4:  layout_caves
Slime:5
Orc:1:    layout_caves
Orc:2:    st_orc_congregation, layout_caves, serial_shops, shop, basic_altar,
          uniq_erolcha, uniq_nessos
Elf:1:    minmay_elf_arrival_summoners, layout_geoelf_octagon, orc_legates
Elf:2:    layout_rooms, nicolae_trove_entry_free_sample
Elf:3:    nooodl_elf_gasket, layout_onion_city, st_stairs_7
Vaults:1: vaults_room_semicircle, v_misc_22, vaults_standard_mumra_x,
          ontoclasm_vaults_misaligned, st_diamondy, ontoclasm_vaults_spin,
          v_misc_29, v_misc_31, vaults_room_semicircle,
          nicolae_vaults_circle_grid_a, grunt_vaults_funnel,
          hangedman_vaults_stretched_pinwheel, vaults_dpeg_diagonal,
          nicolae_vaults_little_squares_2, layout_vaults_omnibox, serial_shops,
          nicolae_shop_behind_doors
Vaults:2: v_misc_17, grunt_vaults_twisty, vaults_mumra_minichess_inversion,
          minmay_crypt_entry_skeletal_spiral, vaults_dpeg_ring,
          vaults_mumra_minichess, vaults_room_fancy_cross, vaults_room_pool,
          nicolae_vaults_border_crossing, v_misc_28,
          nicolae_vaults_shelves_hall, vaults_room_door_hall,
          grunt_vaults_hallway_short, grunt_vaults_hallway_short,
          layout_vaults_big_room
Vaults:3: nicolae_vaults_angled_halls, nicolae_vaults_bisected_inception,
          hangedman_vaults_restitches, nicolae_vaults_big_angled_halls,
          v_rooms_6, nicolae_vaults_yaktaur_gun_rack, v_misc_16, v_misc_12,
          v_misc_29, hangedman_vaults_restitches, grunt_vaults_hallway_long,
          vaults_room_stairs_pillars, layout_vaults_maze_snakey, uniq_nikola,
          uniq_asterion
Vaults:4: vaults_room_corners, nicolae_vaults_back_hallway,
          nicolae_vaults_little_squares_4, nicolae_vaults_network_quincunx
          [nicolae_vaults_network_quincunx_subvault,
          nicolae_vaults_network_quincunx_subvault,
          nicolae_vaults_network_quincunx_subvault,
          nicolae_vaults_network_quincunx_subvault,
          nicolae_vaults_network_quincunx_subvault], ontoclasm_vaults_ligature,
          hangedman_vaults_locks, v_misc_4, v_misc_14, v_misc_16,
          vaults_room_door_ring, nicolae_vaults_display_case,
          layout_vaults_omnicross
Vaults:5: serial_shops
Crypt:1:  layout_gridlike, grunt_crypt_arrival_split,
          roderic_lattice_octagonal_star
Crypt:2:  layout_regular_city, small_chamber_with_monster, evilmike_ambush
          [evilmike_ambush_outer_basic, evilmike_ambush_inner_pond],
          uniq_saint_roka
Crypt:3:  cryptofortress_bobbens
Tomb:1:   uniq_mara, uniq_khufu, uniq_frederick
Tomb:2
Tomb:3
Depths:1: layout_basic, hangedman_decor_riveting, lightli_too_deep,
          hangedman_stitches_earthworm, serial_bayou_shore_a, grunt_megastairs_3
Depths:2: minmay_split_circle, layout_basic, hell_entry, serial_bayou_pond_a
Depths:3: minmay_glassy_protrusions, layout_honeycomb, enter_ziggurat_d,
          serial_shops, bzr_firewalk, pf_hell_entry_tar_spiral, pan_entry,
          kennysheep_path_1, abyss_entry
Depths:4: nzn_winding_woodlands_stair_cross
          [nzn_winding_woodlands_5x15_longhouse,
          nzn_winding_woodlands_center_triple_pond,
          nzn_winding_woodlands_5x15_river_crossing,
          nzn_winding_woodlands_hourglass, nzn_winding_woodlands_5x5_three,
          nzn_winding_woodlands_5x15_sidewinder,
          nzn_winding_woodlands_center_garden,
          nzn_winding_woodlands_5x15_pockets], layout_gridlike,
          chequers_serial_rivers_small_b, grunt_hell_entry_dis_mu, abyss_entry,
          hangedman_decor_slide_cut, hangedman_aviary,
          infiniplex_staircase_trident, uniq_sojobo
Depths:5: grunt_zot_entry_tricorne, layout_gridville, hell_entry,
          minmay_pinched_square
Hell
Dis:1:    layout_regular_city
Dis:2:    layout_subdivisions
Dis:3:    layout_subdivisions
Dis:4:    layout_overlapping_boxes
Dis:5:    layout_subdivisions, lemuel_elevator
Dis:6:    layout_regular_city
Dis:7:    iron_city_of_dis [dis_mu, dis_wall_7], layout_chaotic_city,
          nrook_loot_triangle
Geh:1:    layout_gehenna_lava_caves
Geh:2:    layout_gehenna_lava_caves
Geh:3:    layout_gehenna_pools_triple
Geh:4:    layout_gehenna_pools_box
Geh:5:    layout_gehenna_lava_caves
Geh:6:    layout_gehenna_lava_caves
Geh:7:    geh_hangedman
Coc:1:    layout_cocytus_water_paths
Coc:2:    layout_ice_bergs, special_room [special_room_morgue], door_vault
Coc:3:    layout_ice_bergs
Coc:4:    layout_cocytus_water_paths
Coc:5:    layout_cocytus_water_paths
Coc:6:    layout_ice_bergs
Coc:7:    coc_hangedman
Tar:1:    layout_honeycomb, hangedman_tartarus_temple_path
Tar:2:    layout_catacombs, grunt_megastairs_4
Tar:3:    layout_grid_maze, nicolae_tar_cuneiform_oil
Tar:4:    layout_cathedral_of_symmetry
Tar:5:    layout_catacombs
Tar:6:    layout_cathedral_of_symmetry
Tar:7:    tar_minmay_river
Zot:1:    grunt_twist_and_shout, layout_onion
Zot:2:    lemuel_draconian_sentries_small, layout_twisted_circle,
          st_single_dragon_hoard_3
Zot:3:    layout_gridlike
Zot:4:    gammafunk_the_bubble [the_bubble_gammafunk_split],
          layout_cathedral_of_symmetry, grunt_megastairs_5
Zot:5:    layout_misc_corridors

Skill      XL: |  1  2  3  4  5  6  7  8  9 10 11 12 13 14 15 16 17 18 19 20 21 22 23 24 25 26 27 |
---------------+----------------------------------------------------------------------------------+-----
Earth Magic    | 4 5 6 7 8 9 11 12 13 14 15 16 17 18 19 20 27 | 27.0
Fighting       | 1 2 4 5 6 8 9 10 11 12 13 14 15 27 | 27.0
Spellcasting   | 3 4 5 7 8 9 10 11 13 14 15 16 17 18 19 27 | 27.0
Transmutations | 1 4 |  4.6
Conjurations   | 3 6 8 11 12 13 14 | 14.3
Dodging        | 3 4 5 6 7 9 10 20 | 20.1
Shields        | 4 6 9 11 20 | 20.0
Staves         | 4 5 6 7 9 10 11 | 11.6
Ice Magic      | 2 10 13 14 15 16 17 18 20 21 22 23 24 27 | 27.0
Armour         | 4 5 8 10 | 10.0
Polearms       | 4 |  4.3
Hexes          | 12 | 12.1
Evocations     | 7 |  7.0
Translocations | 17 | 17.3
Stealth        | |  2.1

Action                   |  1- 3 |  4- 6 |  7- 9 | 10-12 | 13-15 | 16-18 | 19-21 | 22-24 | 25-27 || total
-------------------------+-------+-------+-------+-------+-------+-------+-------+-------+-------++-------
Melee: Unarmed           |    49 |       |       |       |       |       |       |       |       ||    49
       Dagger            |    77 |   162 |   312 |   546 |   204 |     6 |       |       |       ||  1307
       Quarterstaff      |       |       |       |       |   315 |       |       |       |       ||   315
       Trident           |       |       |       |       |   354 |   140 |       |       |       ||   494
       Staff             |       |       |       |       |       |    66 |   406 |   438 |  4253 ||  5163
Throw: Stone             |       |       |       |       |       |       |       |       |     2 ||     2
 Cast: Sandblast         |     5 |    18 |    50 |    99 |   152 |    96 |    47 |    11 |    15 ||   493
       Stone Arrow       |       |     2 |     7 |    11 |   113 |   166 |   100 |    29 |    50 ||   478
       Lee's Rapid Decon |       |       |     3 |    56 |   120 |     9 |    10 |    24 |    75 ||   297
       Petrify           |       |       |       |    17 |    35 |       |       |     1 |       ||    53
       Iron Shot         |       |       |       |     3 |    33 |    20 |    75 |    56 |    71 ||   258
       Mephitic Cloud    |       |       |       |     1 |     8 |     2 |     1 |       |       ||    12
       Ozocubu's Refrige |       |       |       |       |     4 |   144 |   267 |   325 |  1018 ||  1758
       Absolute Zero     |       |       |       |       |       |       |     2 |    28 |   626 ||   656
       Lehudib's Crystal |       |       |       |       |       |       |     1 |     3 |       ||     4
       Shatter           |       |       |       |       |       |       |       |       |   224 ||   224
       Invisibility      |       |       |       |       |       |       |       |       |    14 ||    14
 Abil: Fly               |       |       |       |       |     1 |       |       |       |       ||     1
Evoke: Wand              |       |       |       |       |       |       |       |     1 |    17 ||    18
  Use: Scroll            |     5 |     3 |     2 |     7 |    10 |    12 |     4 |    12 |    57 ||   112
       Potion            |       |       |     1 |       |       |       |       |       |    30 ||    31
 Stab: Sleeping          |     4 |       |       |     1 |     1 |     4 |     1 |     1 |     1 ||    13
       Paralysed         |       |       |     1 |       |       |       |       |       |       ||     1
       Petrified         |       |       |       |     9 |    24 |       |       |       |       ||    33
       Distracted        |       |       |       |       |     1 |     1 |       |       |     3 ||     5
       Petrifying        |       |       |       |       |     1 |       |       |       |       ||     1
       Invisible         |       |       |       |       |       |       |       |       |     1 ||     1
Armor: Robe              |    37 |    68 |   165 |   334 |   613 |   198 |   232 |   173 |       ||  1820
       Skin              |       |       |       |       |     1 |       |       |       |       ||     1
       Animal skin       |       |       |       |       |       |       |       |    28 |  1869 ||  1897
Dodge: Dodged            |    84 |    96 |   210 |   440 |   810 |   215 |   267 |   220 |  3206 ||  5548
Block: Buckler           |       |       |       |       |   218 |    86 |   100 |    88 |  1630 ||  2122
       Kite shield       |       |       |       |       |       |       |       |       |   316 ||   316
